 Dungeon Crawl Stone Soup version 0.25.1-2-g60ff931 (webtiles) character file.

Game seed: 10081506895922129233

420 oryxwild the Skirmisher (level 6, -7/45 HPs)
             Began as an Octopode Wanderer on Aug 1, 2020.
             Was a Follower of Ru.
             Mangled by a worker ant (8 damage)
             ... on level 4 of the Dungeon.
             The game lasted 00:17:08 (4412 turns).

oryxwild the Skirmisher (Octopode Wanderer)         Turns: 4412, Time: 00:17:08

Health: -7/45      AC:  1    Str: 13    XL:     6   Next: 94%
Magic:  9/9        EV: 16    Int: 17    God:    Ru [*.....]
Gold:   221        SH:  0    Dex:  9    Spells: 5/9 levels left

rFire    . . .     SeeInvis .   d - +0 dagger
rCold    . . .     Gourm    .   (no shield)
rNeg     . . .     Faith    .   (helmet restricted)
rPois    .         Spirit   .   (no amulet)
rElec    .         Reflect  .   i - +4 ring of evasion
rCorr    .         Harm     .   (no ring)
MR       .....                  (no ring)
Stlth    ++........             (no ring)
HPRegen  0.15/turn              (no ring)
MPRegen  0.11/turn              (no ring)
                                (no ring)
                                (no ring)

@: no status effects
A: almost no armour, stealthy swim, amphibious, 8 rings, constrict 8, camouflage
1, gelatinous body 1, hated by all
a: Renounce Religion


You were on level 4 of the Dungeon.
You worshipped Ru.
Ru was aware of your devotion.
You were hungry.

You visited 1 branch of the dungeon, and saw 4 of its levels.

You collected 221 gold pieces.

Inventory:

Hand Weapons
 a - a +3 hand crossbow
 d - a +0 dagger (weapon)
Missiles
 b - 25 bolts
 e - 139 stones (quivered)
Jewellery
 i - a +4 ring of evasion (left tentacle)
 l - an uncursed ring of fire {unknown}
Wands
 g - a wand of polymorph (4)
Scrolls
 h - a scroll of immolation
 j - a scroll of magic mapping
 m - a scroll of fog {unknown}
Potions
 o - a potion of flight
 p - a potion of degeneration
Comestibles
 f - 3 rations


   Skills:
 * Level 5.4 Fighting
 * Level 4.3 Crossbows
 - Level 0.6 Dodging
 + Level 1.3 Stealth
   Level 1.0 Shields
 - Level 2.0 Spellcasting
 - Level 2.0 Conjurations
   Level 1.0 Translocations
 - Level 0.5 Fire Magic


You had 5 spell levels left.
You knew the following spells:

 Your Spells              Type           Power        Failure   Level  Hunger
a - Magic Dart            Conj           #...         9%          1    #......
b - Conjure Flame         Conj/Fire      #.......     34%         3    ###....

Your spell library contained the following spells:

 Spells                   Type           Power        Failure   Level  Hunger


Dungeon Overview and Level Annotations

Branches:
Dungeon (4/15)
 Temple: D:4-7

Altars:
Elyvilon
Nemelex Xobeh
Ru
Wu Jian


Innate Abilities, Weirdness & Mutations

You cannot wear most types of armour.
You are very stealthy in the water. (Stealth+)
You are amphibious.
You can wear up to eight rings at the same time.
You can use your tentacles to constrict eight enemies at once.
Your skin changes colour to match your surroundings (Stealth+).
Your rubbery body absorbs attacks. (AC +1, EV +1)
You are hated by all.


Message History

The orc barely misses you.
The worker ant bites you but does no damage.
The orc wizard mumbles some strange words.
The orc wizard blinks!
As you read the scroll labeled CUATYQ UWEREFF, it crumbles to dust.
You feel aware of your surroundings.
It was a scroll of magic mapping.
The worker ant barely misses you.
Okay, then.
As you read the scroll labeled XUVIPR LUIG, it crumbles to dust.
You hear a crunching sound.
It was a scroll of random uselessness.
The worker ant bites you.
* * * LOW HITPOINT WARNING * * *
The worker ant barely misses you.
As you read the scroll labeled SAPELO POZENYTH, it crumbles to dust.
It is a scroll of amnesia.
Forget Conjure Flame, freeing 3 spell levels for a total of 8?
Really abort (and waste the scroll)?
Okay, then.
The worker ant bites you!
You die...

,,,,,****** #).......#######
,,,,,*,,,,* #........#......
,,,,,+,,,,* #........#^...<.
,,,,,*,,,,* #........#......
,,,,,*,,,,* #........#......
,,,,,*,,,,* #........#......
,,,,,*,,,,* #........'......
,,,,,*********####........#.....#
*****,,,,,,,,,#.@##########.....#
,,,,*,,,.,,,,,#oaa#..............
,,,,+,,,..,,,,#.Qo#..............
,,,,*,,,...,,,#...#..............
,,,,*,,,....,,#...########......#
,,,,*,,,.....,#...##...###......#
*****,,,.?....#..................
,,,,*,,,......'[.................
,>,,*,,,......#[.................


You could see a tengu, 2 worker ants, an orc wizard and an orc.

Vanquished Creatures
  A bullfrog (D:3)
  3 orc wizards (D:3)
  Natasha (thrice) (D:3)
  4 gnolls (D:3)
  7 adders
  A worm (D:2)
  A dart slug (D:2)
  3 leopard geckos (D:1)
  11 orcs (D:3)
  2 giant cockroaches (D:1)
  7 goblins
  2 hobgoblins
  12 jackals
  2 kobolds (D:2)
  2 quokkas (D:2)
  A ball python (D:4)
  11 bats
  5 frilled lizards
  5 rats
83 creatures vanquished.

Notes
Turn   | Place    | Note
-------+----------+-------------------------------------------
     0 | D:1      | oryxwild the Octopode Wanderer began the quest for the Orb.
     0 | D:1      | oryxwild set off with the following items: a +2 hand
                  | crossbow, 21 bolts, a potion of lignification, a ration;
                  | and the following spell memorised: Magic Dart; and the
                  | following spells available to memorise: Conjure Flame
     0 | D:1      | Reached XP level 1. HP: 13/13 MP: 3/3
   184 | D:1      | Reached XP level 2. HP: 11/19 MP: 5/5
   394 | D:1      | Reached skill level 2 in Fighting
  1141 | D:1      | Reached XP level 3. HP: 9/25 MP: 6/6
  1583 | D:2      | Found a white marble altar of Elyvilon.
  1857 | D:2      | Found a sacrificial altar of Ru.
  1876 | D:2      | Became a worshipper of Ru the Awakened
  1889 | D:2      | Reached skill level 3 in Fighting
  1899 | D:2      | Reached XP level 4. HP: 21/31 MP: 7/7
  2144 | D:2      | Found an ornate altar of the Wu Jian Council.
  2338 | D:2      | Found a sparkling altar of Nemelex Xobeh.
  2839 | D:3      | Noticed a bullfrog
  2889 | D:3      | Reached XP level 5. HP: 29/37 MP: 8/8
  2895 | D:3      | Reached skill level 4 in Fighting
  2972 | D:3      | Noticed Natasha
  3120 | D:3      | Killed Natasha
  3124 | D:3      | Noticed Natasha
  3331 | D:3      | Reached XP level 6. HP: 35/44 MP: 9/9
  3336 | D:3      | Learned a level 3 spell: Conjure Flame
  3396 | D:3      | Killed Natasha
  3457 | D:3      | Gained mutation: You are hated by all. [Ru sacrifice]
  3457 | D:3      | Reached * piety under Ru
  3541 | D:3      | Reached skill level 5 in Fighting
  3672 | D:3      | Noticed Natasha
  3679 | D:3      | Killed Natasha
  4397 | D:4      | Noticed an orc warrior
  4402 | D:4      | an orc warrior changed into a tengu
  4411 | D:4      | HP: 1/45 [worker ant (4)]
  4412 | D:4      | Mangled by a worker ant

Illustrated notes

Levels and vault maps discovered:
D:1:      dpeg_arrival_tiny_c, layout_loops_cross
D:2:      layout_basic, marbit_many_paths, lemuel_coloured_pillars_altar,
          old_standard_altar, nicolae_ru_sacrificial_ziggurat
D:3:      layout_basic, uniq_natasha
D:4:      layout_gridville

Skill      XL: |  1  2  3  4  5  6 |
---------------+-------------------+-----
Fighting       | 2 3 4 5 |  5.4
Crossbows      | 3 4 |  4.3
Dodging        | |  0.6
Stealth        | |  1.3
Shields        | |  1.0
Spellcasting   | |  2.0
Conjurations   | |  2.0
Translocations | |  1.0
Fire Magic     | |  0.5

Action                   |  1- 3 |  4- 6 || total
-------------------------+-------+-------++-------
Melee: Unarmed           |    53 |       ||    53
       Constrict         |    20 |    19 ||    39
       Dagger            |    40 |    53 ||    93
       Tentacles         |    14 |    11 ||    25
 Fire: Hand crossbow     |    11 |    96 ||   107
Throw: Stone             |     1 |     9 ||    10
Invok: Sacrifice Love    |       |     1 ||     1
Evoke: Wand              |       |     5 ||     5
  Use: Potion            |     1 |     3 ||     4
       Scroll            |     1 |     9 ||    10
 Stab: Sleeping          |     4 |       ||     4
  Eat: Chunk             |     3 |     7 ||    10
Armor: Skin              |    27 |    11 ||    38
Dodge: Dodged            |    66 |   113 ||   179
